 Dungeon Crawl Stone Soup version 0.22-a0-429-g97ce8ef721 (webtiles) character file.

481038 GordonOverkill the Conqueror (level 24, -1/224 HPs)
             Began as a Hill Orc Summoner on May 24, 2018.
             Was the Champion of Qazlal.
             Killed by the air
             ... invoked by a titan
              (5 damage)
             ... on level 5 of the Vaults on May 25, 2018.
             The game lasted 02:30:44 (47972 turns).

GordonOverkill the Conqueror (Hill Orc Summoner)   Turns: 47972, Time: 02:30:45

Health: -1/224     AC: 34    Str: 35    XL:     24   Next: 86%
Magic:  32/32      EV: 17    Int: 15    God:    Qazlal [******]
Gold:   4493       SH: 33    Dex: 11    Spells: 26/26 levels left

rFire    + + +     SeeInvis .   a - +5 broad axe (freeze)
rCold    + + +     Gourm    .   j - +2 large shield
rNeg     + + .     Faith    .   W - +4 plate armour of Uskayaw's Whim {rF+ rN+ Str+4}
rPois    +         Spirit   .   A - +2 hat {MR+}
rElec    +         Reflect  .   f - scarf {rC+ rF+}
rCorr    +         Harm     .   r - +2 pair of gloves
MR       +++..                  D - +2 pair of boots {run}
Stlth    ..........             y - amulet of regeneration
HPRegen  0.87/turn              F - ring of Foolhardiness {MR+ EV+4 Slay+6}
MPRegen  0.23/turn              H - ring "Bodar" {Wiz rElec rN+ Str+4 Stlth+}

@: mighty, about to teleport, resistant, berserk cooldown, slowed, drained,
repel missiles, very slow
A: cold resistance 1, frail 1, poison resistance, MP-powered wands
}: 2/15 runes: decaying, gossamer
a: Upheaval, Elemental Force, Disaster Area, Renounce Religion


You were on level 5 of the Vaults.
You worshipped Qazlal.
Qazlal was exalted by your worship.
You were very full.

You visited 8 branches of the dungeon, and saw 42 of its levels.
You also visited: Labyrinth.

You collected 5928 gold pieces.
You spent 1435 gold pieces at shops.

Inventory:

Hand Weapons
 a - a +5 broad axe of freezing (weapon)
 b - a +2 antimagic broad axe
 e - a +2 broad axe
 w - a +3 broad axe of flaming
Missiles
 s - 6 throwing nets (quivered)
Armour
 f - a scarf of resistance (worn)
 j - a +2 large shield (worn)
 r - a +2 pair of gloves (worn)
 A - a +2 hat of magic resistance (worn)
 D - a +2 pair of boots of running (worn)
 W - the +4 plate armour of Uskayaw's Whim (worn) {rF+ rN+ Str+4}
   (You found it on level 2 of the Depths)

   It affects your strength (+4).
   It protects you from fire.
   It protects you from negative energy.
Jewellery
 y - an amulet of regeneration (around neck)
 C - the ring "Ulicomi" {Fire +Blink MR++ Int-5 Dex+4}
   (You found it on level 1 of the Lair of Beasts)

   [ring of fire]

   It enhances your fire magic.
   It affects your intelligence (-5).
   It affects your dexterity (+4).
   It protects you from fire.
   It makes you vulnerable to cold.
   It affects your resistance to hostile enchantments.
   It lets you blink.
 F - the ring of Foolhardiness (left hand) {MR+ EV+4 Slay+6}
   (You took it off a vampire on level 13 of the Dungeon)

   [ring of evasion]

   It affects your evasion (+4).
   It affects your accuracy and damage with ranged weapons and melee attacks
   (+6).
   It affects your resistance to hostile enchantments.
 H - the ring "Bodar" (right hand) {Wiz rElec rN+ Str+4 Stlth+}
   (You took it off a minotaur in a labyrinth)

   [ring of wizardry]

   It improves your spell success rate.
   It affects your strength (+4).
   It insulates you from electricity.
   It protects you from negative energy.
   It makes you more stealthy.
 I - the ring "Quten" {+Fly rF++ Int+2 Dex+3}
   (You took it off a crimson imp on level 11 of the Dungeon)

   [ring of flight]

   It affects your intelligence (+2).
   It affects your dexterity (+3).
   It greatly protects you from fire.
   It lets you fly.
 M - the ring "Esiakk" {rC+ SInv}
   (You found it on level 11 of the Dungeon)

   [ring of see invisible]

   It protects you from cold.
   It lets you see invisible.
Wands
 k - a wand of polymorph (11)
 m - a wand of iceblast (89)
 E - a wand of scattershot (4)
 J - a wand of flame (142)
 L - a wand of clouds (15)
 Q - a wand of enslavement (17)
 R - a wand of acid (16)
 V - a wand of disintegration (61)
 X - a wand of paralysis (52)
Scrolls
 i - 2 scrolls of identify
 l - 6 scrolls of magic mapping
 p - 6 scrolls of holy word
 t - 22 scrolls of remove curse
 x - a scroll of brand weapon
 z - 2 scrolls of enchant armour
 B - 10 scrolls of teleportation
 O - a scroll of fear
Potions
 g - 3 potions of might
 h - 7 potions of magic
 n - 4 potions of curing
 u - 4 potions of cancellation
 v - 3 potions of agility
 G - a potion of mutation
 P - a potion of haste
 U - a potion of invisibility
 Z - 5 potions of lignification
Comestibles
 c - 59 rations
 d - 4 chunks of flesh


   Skills:
 O Level 27(26.8) Fighting
   Level 2.1(2.0) Long Blades
 - Level 18.9(18.8) Axes
   Level 1.6(11.0) Maces & Flails
 - Level 24.0(23.8) Armour
 - Level 12.0(11.8) Dodging
 - Level 1.5(1.4) Stealth
 + Level 17.1(17.0) Shields
 - Level 1.5(1.4) Spellcasting
   Level 4.0(3.8) Summonings
 - Level 12.0(11.9) Invocations
 - Level 4.0(3.9) Evocations


You had 26 spell levels left.
You didn't know any spells.
Your spell library contained the following spells:

 Spells                   Type           Power        Failure   Level  Hunger
 Magic Dart               Conj           #...         56%         1    ##.....
 Fireball                 Conj/Fire      #.........   100%        5    ######.
 Conjure Flame            Conj/Fire      #.......     89%         3    ####...
 Bolt of Fire             Conj/Fire      #.........   100%        6    #######
 Bolt of Cold             Conj/Ice       #.........   100%        6    #######
 Lightning Bolt           Conj/Air       #.........   100%        5    ######.
 Bolt of Magma            Conj/Fire/Erth #.........   100%        5    ######.
 Slow                     Hex            #.......     69%         2    ###....
 Confuse                  Hex            #.......     89%         3    ####...
 Throw Frost              Conj/Ice       #.....       69%         2    ###....
 Freezing Cloud           Conj/Ice/Air   #.........   100%        6    #######
 Mephitic Cloud           Conj/Pois/Air  #.......     89%         3    ####...
 Ring of Flames           Chrm/Fire      #.........   100%        7    #######
 Venom Bolt               Conj/Pois      #.........   100%        5    ######.
 Summon Small Mammal      Summ           ##..         16%         1    ##.....
 Bolt of Draining         Conj/Necr      #.........   100%        5    ######.
 Lehudib's Crystal Spear  Conj/Erth      #.........   100%        8    #######
 Fire Storm               Conj/Fire      #.........   100%        9    #######
 Blink                    Tloc           N/A          69%         2    ###....
 Animate Dead             Necr           N/A          99%         4    #####..
 Pain                     Necr           #...         56%         1    ##.....
 Animate Skeleton         Necr           N/A          56%         1    ##.....
 Vampiric Draining        Necr           #.........   89%         3    ####...
 Freeze                   Ice            #...         56%         1    ##.....
 Ozocubu's Refrigeration  Ice            #.........   100%        6    #######
 Summon Ice Beast         Ice/Summ       #.......     96%         4    #####..
 Ozocubu's Armour         Chrm/Ice       #.......     89%         3    ####...
 Call Imp                 Summ           ##......     22%         2    ###....
 Dispel Undead            Necr           #.......     100%        5    ######.
 Poison Arrow             Conj/Pois      #.........   100%        6    #######
 Regeneration             Chrm/Necr      #.........   89%         3    ####...
 Sublimation of Blood     Necr           #.........   69%         2    ###....
 Tukima's Dance           Hex            #.......     89%         3    ####...
 Corpse Rot               Necr           N/A          69%         2    ###....
 Iron Shot                Conj/Erth      #.........   100%        6    #######
 Stone Arrow              Conj/Erth      #.....       89%         3    ####...
 Shock                    Conj/Air       #...         56%         1    ##.....
 Swiftness                Chrm/Air       #.......     69%         2    ###....
 Agony                    Necr           #.......     100%        5    ######.
 Statue Form              Tmut/Erth      #........    100%        6    #######
 Ice Form                 Ice/Tmut       #.......     99%         4    #####..
 Dragon Form              Tmut           #.........   100%        7    #######
 Deflect Missiles         Chrm/Air       #.........   100%        6    #######
 Throw Icicle             Conj/Ice       #.......     99%         4    #####..
 Glaciate                 Conj/Ice       #.........   100%        9    #######
 Airstrike                Air            #.........   99%         4    #####..
 Confusing Touch          Hex            #.....       56%         1    ##.....
 Passwall                 Tmut/Erth      #.......     69%         2    ###....
 Ignite Poison            Fire/Tmut/Pois #.......     89%         3    ####...
 Call Canine Familiar     Summ           ##......     38%         3    ####...
 Ensorcelled Hibernation  Hex/Ice        #.....       69%         2    ###....
 Metabolic Englaciation   Hex/Ice        #.........   100%        5    ######.
 Static Discharge         Conj/Air       #.......     89%         3    ####...
 Corona                   Hex            #......      56%         1    ##.....
 Lee's Rapid Deconstruct  Erth           #.........   100%        5    ######.
 Sandblast                Erth           #.....       56%         1    ##.....
 Simulacrum               Ice/Necr       #.........   100%        6    #######
 Chain Lightning          Conj/Air       #.........   100%        8    #######
 Excruciating Wounds      Chrm/Necr      #.........   100%        5    ######.
 Petrify                  Tmut/Erth      #.......     99%         4    #####..
 Orb of Destruction       Conj           #.........   100%        7    #######
 Leda's Liquefaction      Hex/Erth       #.........   99%         4    #####..
 Summon Hydra             Summ           ##........   100%        7    #######
 Beastly Appendage        Tmut           #.....       56%         1    ##.....
 Iskenderun's Battlesphe  Conj/Chrm      #.......     100%        5    ######.
 Dazzling Spray           Conj/Hex       #.....       89%         3    ####...
 Summon Forest            Summ/Tloc      #.........   100%        5    ######.
 Summon Lightning Spire   Summ/Air       #.......     96%         4    #####..
 Summon Guardian Golem    Hex/Summ       #.......     65%         3    ####...
 Spellforged Servitor     Conj/Summ      #.........   100%        7    #######
 Hydra Form               Tmut           #.........   100%        6    #######
 Irradiate                Conj/Tmut      #.........   100%        5    ######.
 Gell's Gravitas          Tloc           #.........   89%         3    ####...
 Yara's Violent Unravell  Hex/Tmut       #.........   100%        5    ######.
 Poisonous Vapours        Pois/Air       #.....       69%         2    ###....
 Ignition                 Fire           #.........   100%        8    #######


Dungeon Overview and Level Annotations

Branches:
Dungeon (15/15)            Temple (1/1) D:5            Lair (6/6) D:11
  Swamp (4/4) Lair:2       Spider (4/4) Lair:2        Slime (0/5) Lair:6
    Orc (2/2) D:11            Elf (0/3) Orc:2        Vaults (5/5) D:14
  Crypt (0/3) Vaults:2     Depths (5/5) D:15            Zot (0/5) Depths:5

Altars:
Dithmenos
Gozag
Kikubaaqudgha
Makhleb
Qazlal
Ru
Trog
Uskayaw
Vehumet
Wu Jian
Xom
Yredelemnul

Shops:
D:7 %   D:9 (   D:12 (   Orc:1 =   Orc:2 :%[!(

Portals:
Hell: Depths:1 Depths:2 Depths:3 Depths:4 Depths:5
Abyss: Depths:1 Depths:4
Pandemonium: Orc:2 Depths:3 Depths:5
Ziggurat: Depths:1
Trove: D:10 (give 12 potions of heal wounds)

Annotations:
D:5 2 runed doors


Innate Abilities, Weirdness & Mutations

Your flesh is cold resistant. (rC+)
You are frail. (-10% HP)
Your system is resistant to poisons. (rPois)
You expend magic power (3 MP) to strengthen your wands.


Message History

The sphinx is empowered by the deep elf high priest's aura!
The frost giant is empowered by the deep elf high priest's aura!
The sphinx is empowered by the deep elf high priest's aura!
The deep elf death mage is empowered by the deep elf high priest's aura!
The ironbrand convoker is empowered by the deep elf high priest's aura!
The vault sentinel is empowered by the deep elf high priest's aura!
The deep elf archer is empowered by the deep elf high priest's aura!
The deep elf sorcerer is empowered by the deep elf high priest's aura!
The deep elf archer is empowered by the deep elf high priest's aura!
The frost giant is empowered by the deep elf high priest's aura!
The deep elf high priest calls down the wrath of its god upon you.
Something smites you!
* * * LOW HITPOINT WARNING * * *
The deep elf archer blinks!
Two crawling corpses merge to form a small abomination.
The deep elf archer attempts to regain its composure.
The deep elf archer blinks!
The titan waves its arms in wide circles.
The air twists around and strikes you!
You die...

. ..........#..#
.. .....#...#[.#
x. ........#..#
#. .......#..#
#.. ..#...#..#
#...#c...F#..#
.#..(#...#..#
#...#.(§.§#..#
#...e.#§@p#..#
#....Hp.eX#..#
......CoueC#..#
.......p#CD.#).#
.......xoCxc#p.#
...eo#.#CCc#()#
......xp.ee#..#
..#.#.#§oe#DD#
......§§§e..#


You could see a tentacled monstrosity, a titan, a storm dragon, 2 frost giants,
a brown very ugly thing (fleeing), a sphinx (fleeing), 3 stone giants, a vault
warden (fleeing), 2 yaktaur captains, a vault guard (fleeing), a deep elf death
mage (fleeing), a deep elf sorcerer, a vault sentinel (fleeing), a deep elf
archer, 3 deep elf high priests, an ironbrand convoker (fleeing), 2 orc
warriors, a small abomination, a bullfrog shaped shifter (fleeing), 2 orcs and 2
crawling corpses.

Vanquished Creatures
  The ghost of psch the Petrodigitator, a veteran DDEE of Makhleb (Depths:3)
  Mara (Swamp:3)
  A juggernaut (Depths:5)
  An ancient lich (Depths:4)
  Frederick (Vaults:3)
  Margery (Vaults:3)
  Bai Suzhen (Vaults:5)
  A caustic shrike (Depths:2)
  2 golden dragons (Depths:5)
  2 bone dragons (Depths:5)
  5 liches
  Jorgrun (Spider:2)
  Asterion (Vaults:3)
  3 tentacled monstrosities
  The ghost of epok the Brawler, an adept CeGl of Nemelex Xobeh (Swamp:3)
  3 quicksilver dragons (Vaults:5)
  A sphinx (Vaults:3)
  7 tengu reavers
  2 thorn hunters
  Kirke (Spider:2)
  A shadow dragon (Vaults:5)
  4 storm dragons
  A draconian monk (Depths:5)
  Roxanne (Spider:2)
  Donald (Swamp:2)
  8 fire giants
  An iron dragon (Depths:4)
  A draconian scorcher (Depths:5)
  A ghost moth (Spider:4)
  Louise (Swamp:4)
  A balrug (Depths:2)
  13 vault wardens
  6 frost giants
  4 emperor scorpions
  An orc warlord (Orc:1)
  A deep elf sorcerer (Vaults:4)
  Aizul (Depths:2)
  A draconian knight (Depths:5)
  5 war gargoyles
  18 stone giants
  9 ironheart preservers
  2 green draconians (Depths:5)
  A vampire knight (D:13)
  16 very ugly things
  4 entropy weavers
  3 deep elf demonologists
  A black draconian (Depths:5)
  5 dire elephants (Lair:6)
  A minotaur (Lab)
  A purple draconian (Depths:5)
  A deep elf annihilator (Vaults:2)
  2 yellow draconians (Depths:5)
  3 blizzard demons
  2 crystal guardians (Depths:4)
  A deep elf death mage (Vaults:4)
  7 ettins
  3 jiangshi (Depths:3)
  7 fire dragons
  21 yaktaur captains
  8 great orbs of eyes
  22 vault guards
  24 hydras
  Harold (Lair:1)
  9 ice dragons
  4 rakshasas
  A death knight (Vaults:3)
  12 centaur warriors
  Erolcha (D:9)
  A catoblepas (D:11)
  An anaconda (Lair:6)
  3 spriggan air magi
  An alligator (shapeshifter) (D:11)
  A dancing weapon (Depths:4)
  2 ghost crabs
  19 alligators
  27 two-headed ogres
  5 ogre magi
  9 tengu warriors
  7 death scarabs (Spider:4)
  5 orc high priests
  4 vampire magi
  4 death yaks
  6 deep troll earth magi
  7 deep troll shamans
  3 spriggan berserkers
  A fire crab (shapeshifter) (Vaults:3)
  5 deep elf knights
  A soul eater (Orc:2)
  7 skeletal warriors
  Nergalle (Lair:1)
  2 iron trolls
  32 hell knights
  2 shadow wraiths
  7 unseen horrors
  5 glowing orange brains
  A flayed ghost (Depths:2)
  9 large abominations
  22 deep trolls
  2 spriggan druids
  8 swamp dragons
  An infernal demonspawn (Orc:2)
  A storm dragon skeleton (Vaults:4)
  A shadow dragon zombie (D:15)
  5 shambling mangroves
  9 wizards
  2 torturous demonspawn (Orc:2)
  A sphinx zombie (Vaults:3)
  12 ironbrand convokers
  A lindwurm (shapeshifter) (Depths:4)
  10 deep elf archers
  3 spectral wolf spiders (Spider:4)
  A lindwurm (Lair:4)
  3 harpies (Vaults:2)
  12 necromancers
  16 orb spiders
  A shadow dragon skeleton (Depths:3)
  10 orc sorcerers
  11 deep elf magi
  15 orc knights
  37 wolf spiders
  A manticore (D:15)
  18 ugly things
  3 wolf spider zombies (Spider:4)
  2 moths of wrath (Spider:3)
  10 cyclopes
  An elephant (shapeshifter) (Depths:5)
  19 elephants
  Joseph (D:7)
  3 fire giant skeletons
  3 black mambas
  A smoke demon (Depths:2)
  12 vault sentinels
  5 spectral swamp worms (Depths:1)
  A naga mage (Vaults:2)
  A torpor snail (Lair:6)
  2 ice statues (Depths:4)
  17 spiny frogs
  3 gargoyles (Depths:4)
  A yaktaur zombie (Vaults:4)
  4 kobold demonologists
  2 orange demons (Orc:2)
  2 rime drakes
  86 yaktaurs
  A freezing wraith (Vaults:4)
  7 komodo dragons
  5 spectral redbacks (Spider:4)
  2 efreet
  15 demonic crawlers
  A redback zombie (Spider:4)
  4 hellwings
  2 ice devils
  3 tengu conjurers (Depths:3)
  A queen bee (shapeshifter) (D:11)
  A queen bee (Spider:1)
  4 meliai
  21 hornets
  32 jumping spiders
  A polar bear (shapeshifter) (Vaults:3)
  8 trolls
  6 tyrant leeches
  A wind drake (shapeshifter) (Depths:2)
  3 spectral jumping spiders (Spider:4)
  2 polar bears (Depths:4)
  22 blink frogs
  2 spectral tarantellas (Spider:4)
  4 dream sheep (Lair:6)
  A hornet (shapeshifter) (D:11)
  A tengu simulacrum (Vaults:3)
  17 slime creatures
  Prince Ribbit (Lair:1)
  Grinder (D:5)
  17 hippogriffs
  A tarantella zombie (Spider:4)
  5 bog bodies
  An ettin zombie (D:15)
  A shapeshifter (Vaults:4)
  2 jumping spider zombies (Spider:4)
  2 stone giant simulacra (Vaults:1)
  16 flying skulls
  3 air elementals (Depths:4)
  A spriggan (shapeshifter) (D:13)
  A wraith (D:13)
  3 shadows
  6 water elementals
  44 tarantellas
  4 wyverns
  5 spriggans
  7 vampires (D:13)
  18 vampire mosquitoes
  56 redbacks
  2 hogs (Spider:2)
  2 chaos spawn
  58 yaks
  17 humans
  3 hungry ghosts
  A soldier ant (shapeshifter) (Vaults:2)
  A neqoxec (Depths:2)
  7 wargs
  2 acid dragons
  4 insubstantial wisps (Swamp:1)
  19 swamp worms
  14 water moccasins
  A floating eye (Depths:2)
  A floating eye (shapeshifter) (Vaults:2)
  14 swamp drakes
  12 porcupines
  3 human skeletons
  2 sky beasts (D:5)
  7 ice beasts
  4 black bears
  34 orc warriors
  3 phantoms
  A black bear (shapeshifter) (Depths:3)
  22 ogres
  An eye of draining (D:10)
  2 hornet zombies
  3 wolves (Lair:6)
  16 centaurs
  14 crocodiles
  4 big kobolds
  A wyvern zombie (D:8)
  A big kobold (shapeshifter) (Vaults:5)
  19 bullfrogs
  A gnoll sergeant (D:9)
  A glowing shapeshifter simulacrum (Vaults:1)
  2 earth elementals (Depths:4)
  A wyvern skeleton (D:9)
  10 scorpions
  27 killer bees
  An elf simulacrum (Vaults:3)
  2 human simulacra
  5 wights (D:8)
  An electric eel (D:14)
  A tengu skeleton (D:15)
  3 howler monkeys
  A lava snake (D:8)
  15 crimson imps
  3 bullfrog zombies
  7 hounds
  3 quasits
  6 centaur zombies
  6 centaur skeletons
  7 human zombies (D:13)
  11 jellies
  25 orc priests
  28 orc wizards
  3 small abominations (Depths:4)
  4 bullfrog skeletons
  Ijyb (D:3)
  7 iguanas
  11 worker ants
  3 hell rats (D:13)
  A killer bee zombie (D:7)
  A hound zombie (D:11)
  A hound skeleton (D:8)
  3 worker ant zombies
  14 gnolls
  14 adders
  2 river rats (D:13)
  4 shadow imps
  3 white imps
  19 oozes
  2 adder skeletons
  2 worms
  A dart slug (D:1)
  2 leopard geckos
  74 orcs
  3 ball pythons
  6 bats
  4 giant cockroaches
  5 goblins
  4 hobgoblins
  7 jackals
  3 quokkas
  4 frilled lizards
  A jackal skeleton (D:5)
  21 kobolds
  A leopard gecko skeleton (D:7)
  2 quokka skeletons
  6 rats
  10 briar patches (Swamp:2)
  4 crawling corpses (Vaults:5)
  5 fungi
  9 plants
1931 creatures vanquished.

Vanquished Creatures (collateral kills)
  the Lernaean hydra (Swamp:4)
  A dire elephant (Lair:6)
  A death scarab (Spider:4)
  A deep troll earth mage (Vaults:5)
  A swamp dragon (Swamp:4)
  A spectral wolf spider (Spider:4)
  A moth of wrath (Spider:4)
  2 yaktaurs (Vaults:5)
  A spectral tarantella (Spider:4)
  A flying skull (D:13)
  2 porcupines (D:13)
  An orc (D:13)
  A hobgoblin (D:1)
  A frilled lizard (D:1)
  A kobold (D:1)
17 creatures vanquished.

Vanquished Creatures (others)
  A lich (Depths:4)
  A quicksilver dragon (Vaults:5)
  A deep elf sorcerer (Depths:4)
  A dancing weapon (Depths:4)
  An alligator (Swamp:4)
  A deep elf knight (Vaults:2)
  An unseen horror (shapeshifter) (Depths:2)
  A centaur zombie (D:14)
  A yaktaur (Depths:3)
  2 jumping spiders (Spider:2)
  3 blink frogs
  A hippogriff (Lair:6)
  A ynoxinul (Depths:2)
  A swamp worm (Swamp:4)
  A sky beast (D:9)
  16 fungi
  24 plants
58 creatures vanquished.

Grand Total: 2006 creatures vanquished

Notes
Turn   | Place    | Note
-------+----------+-------------------------------------------
     0 | D:1      | GordonOverkill the Hill Orc Summoner began the quest for the Orb.
     0 | D:1      | Reached XP level 1. HP: 14/14 MP: 3/3
   176 | D:1      | Reached skill level 1 in Fighting
   528 | D:1      | Reached XP level 2. HP: 23/23 MP: 0/4
  1326 | D:2      | Found a sacrificial altar of Ru.
  1523 | D:2      | Reached skill level 1 in Armour
  1523 | D:2      | Reached XP level 3. HP: 17/29 MP: 5/5
  1833 | D:2      | Reached skill level 2 in Fighting
  1833 | D:2      | Reached skill level 1 in Maces & Flails
  2338 | D:3      | Found a stormy altar of Qazlal.
  2349 | D:3      | Became a worshipper of Qazlal Stormbringer
  2412 | D:3      | Reached XP level 4. HP: 34/37 MP: 6/6
  2531 | D:3      | Reached skill level 1 in Invocations
  2678 | D:3      | Noticed Ijyb
  2693 | D:3      | Killed Ijyb
  2821 | D:3      | Reached skill level 1 in Axes
  3112 | D:4      | Reached skill level 3 in Fighting
  3112 | D:4      | Reached XP level 5. HP: 37/45 MP: 7/7
  3315 | D:4      | Reached XP level 6. HP: 21/51 MP: 8/8
  4173 | D:4      | Reached skill level 4 in Fighting
  4262 | D:4      | Reached * piety under Qazlal
  4270 | D:4      | Found a burning altar of Makhleb.
  4348 | D:4      | Found a hide-covered altar of Uskayaw.
  4631 | D:4      | Reached XP level 7. HP: 43/60 MP: 9/9
  4824 | D:5      | Entered Level 5 of the Dungeon
  4824 | D:5      | Found a large runed door.
  4824 | D:5      | Found a large runed door.
  4827 | D:5      | Found a staircase to the Ecumenical Temple.
  5332 | D:4      | Reached skill level 5 in Fighting
  5571 | D:5      | Found a large runed door.
  5571 | D:5      | Found a large runed door.
  5665 | D:5      | Reached skill level 5 in Axes
  5688 | D:5      | Reached skill level 5 in Armour
  5717 | Temple   | Entered the Ecumenical Temple
  5931 | D:5      | Reached XP level 8. HP: 45/68 MP: 10/10
  7006 | D:5      | Noticed Grinder
  7031 | D:5      | Killed Grinder
  7354 | D:5      | Reached skill level 10 in Axes
  7636 | D:6      | Reached XP level 9. HP: 43/74 MP: 11/11
  8205 | D:6      | Reached ** piety under Qazlal
  8508 | D:7      | Found Onadena's Food Emporium.
  8530 | D:7      | Noticed Joseph
  8543 | D:7      | Killed Joseph
  8679 | D:7      | Gained mutation: You have supernaturally acute eyesight. (SInv) [potion of mutation]
  8679 | D:7      | Gained mutation: Your flesh is cold resistant. (rC+) [potion of mutation]
  8684 | D:7      | Lost mutation: Your flesh is cold resistant. (rC+) [potion of mutation]
  8684 | D:7      | Lost mutation: You have supernaturally acute eyesight. (SInv) [potion of mutation]
  8684 | D:7      | Gained mutation: You possess an exceptional clarity of mind. [potion of mutation]
  8684 | D:7      | Gained mutation: You are agile. (Dex +2) [potion of mutation]
  9414 | D:7      | Reached XP level 10. HP: 81/81 MP: 12/12
 10092 | D:8      | Reached skill level 15 in Axes
 10360 | D:8      | Found an opulent altar of Gozag.
 10452 | D:8      | Reached *** piety under Qazlal
 11065 | D:8      | Found a radiant altar of Vehumet.
 11168 | D:9      | Found a bloodstained altar of Trog.
 11214 | D:9      | Reached skill level 6 in Fighting
 11219 | D:9      | Noticed Erolcha
 11248 | D:9      | Reached skill level 7 in Fighting
 11253 | D:9      | Killed Erolcha
 11253 | D:9      | Reached skill level 8 in Fighting
 11416 | D:9      | Reached skill level 9 in Fighting
 11416 | D:9      | Reached XP level 11. HP: 97/97 MP: 13/13
 11579 | D:9      | Reached skill level 1 in Shields
 11598 | D:9      | Found Xewnamor's Weapon Shoppe.
 11648 | D:9      | Reached skill level 10 in Fighting
 11843 | D:10     | Entered Level 10 of the Dungeon
 11861 | D:10     | Reached **** piety under Qazlal
 12435 | D:10     | Identified a scroll of acquirement
 12546 | D:10     | Killed an unseen horror
 12546 | D:10     | Reached skill level 5 in Shields
 12636 | D:10     | Found a portal to a secret trove of treasure.
 12751 | D:11     | Reached skill level 5 in Invocations
 12837 | D:11     | Paralysed by a hornet for 2 turns
 12860 | D:11     | Noticed a deep elf mage
 12874 | D:11     | Killed a deep elf mage
 12881 | D:11     | Got a fine zirconium amulet
 12898 | D:11     | Reached ***** piety under Qazlal
 12923 | D:11     | Got a vibrating bronze ring
 12932 | D:10     | Identified the amulet "Jiawanai" {Acrobat Int+2} (You took it off a deep elf mage on level 11 of the Dungeon)
 12936 | D:10     | Identified the ring "Quten" {+Fly rF++ Int+2 Dex+3} (You took it off a crimson imp on level 11 of the Dungeon)
 12975 | D:11     | Reached XP level 12. HP: 96/106 MP: 17/17
 12991 | D:11     | Noticed a catoblepas
 13017 | D:11     | Killed a catoblepas
 13086 | D:11     | Found a runed door.
 13299 | D:11     | Found a staircase to the Lair.
 13363 | D:11     | Found a staircase to the Orcish Mines.
 13528 | D:11     | Found a runed door.
 13531 | D:11     | Found a runed door.
 13550 | D:11     | Got an ancient jade ring
 13557 | D:11     | Got a clouded ruby amulet
 13747 | Lair:1   | Entered Level 1 of the Lair of Beasts
 13813 | Lair:1   | Noticed Prince Ribbit
 13830 | Lair:1   | Killed Prince Ribbit
 13900 | Lair:1   | Identified the ring "Esiakk" {rC+ SInv} (You found it on level 11 of the Dungeon)
 13906 | Lair:1   | Identified the amulet "Kairesm" {Acrobat MR+ Dex+4} (You found it on level 11 of the Dungeon)
 14094 | Lair:1   | Noticed Harold
 14102 | Lair:1   | Killed Harold
 14102 | Lair:1   | Reached skill level 11 in Fighting
 14102 | Lair:1   | Reached skill level 10 in Armour
 14154 | Lair:1   | Noticed Nergalle
 14169 | Lair:1   | Killed Nergalle
 14394 | Lair:1   | Got a smoking copper ring
 14724 | Lair:1   | Identified the ring "Ulicomi" {Fire +Blink MR++ Int-5 Dex+4} (You found it on level 1 of the Lair of Beasts)
 14727 | Lair:1   | Upgraded the game from 0.22-a0-425-g89d60a11d8 to 0.22-a0-429-g97ce8ef721
 14811 | Lair:2   | Reached skill level 12 in Fighting
 14902 | Lair:2   | Found a staircase to the Swamp.
 15019 | Lair:2   | Noticed a six-headed hydra
 15027 | Lair:2   | Killed a four-headed hydra
 15027 | Lair:2   | Reached XP level 13. HP: 95/118 MP: 19/19
 15112 | Lair:2   | Found a hole to the Spider Nest.
 15556 | Lair:3   | Reached skill level 5 in Dodging
 15797 | Lair:3   | Reached skill level 1 in Long Blades
 17293 | Lair:4   | Noticed a thorn hunter
 17293 | Lair:4   | an oklob plant changed into a thorn hunter
 17310 | Lair:4   | Killed a thorn hunter
 17976 | Lair:4   | Identified a +1 pair of boots of running (You found it on level 4 of the Lair of Beasts)
 18275 | Lair:5   | Reached XP level 14. HP: 91/126 MP: 20/20
 18708 | Lair:5   | Reached skill level 13 in Fighting
 18801 | Lair:5   | Reached skill level 10 in Invocations
 19176 | Lair:6   | Entered Level 6 of the Lair of Beasts
 19267 | Lair:6   | Reached skill level 14 in Fighting
 19319 | Lair:6   | Found a labyrinth entrance.
 19352 | Lab      | Entered a labyrinth
 19764 | Lab      | Got a sparkling amber ring
 19795 | Lab      | Got a shimmering ivory ring
 19797 | Lab      | Identified the ring "Bodar" {Wiz rElec rN+ Str+4 Stlth+} (You took it off a minotaur in a labyrinth)
 19798 | Lab      | Identified the ring of Ziamn {rPois rF- Str+4 Dex+2 SInv} (You found it in a labyrinth)
 20117 | Lair:6   | Reached skill level 15 in Fighting
 20208 | Lair:6   | Found a staircase to the Slime Pits.
 20682 | Lair:6   | Noticed a dire elephant
 20682 | Lair:6   | Noticed a dire elephant
 20694 | Lair:6   | Killed a dire elephant
 20697 | Lair:6   | Killed a dire elephant
 20831 | Lair:6   | Noticed a dire elephant
 20848 | Lair:6   | Killed a dire elephant
 20864 | Lair:6   | Noticed a dire elephant
 20885 | Lair:6   | Killed a dire elephant
 20892 | Lair:6   | Noticed a dire elephant
 20913 | Lair:6   | Killed a dire elephant
 20913 | Lair:6   | Reached XP level 15. HP: 66/141 MP: 22/22
 21175 | Lair:6   | Found a staircase to the Slime Pits.
 21918 | D:12     | Reached skill level 1 in Evocations
 22120 | D:12     | Found Wogeg's Weapon Shop.
 22186 | D:12     | Found an opulent altar of Gozag.
 22740 | D:13     | Reached ****** piety under Qazlal
 23142 | D:13     | Paralysed by something for 6 turns
 23392 | D:13     | Found the +3 warlock's mirror {reflect}
 23509 | D:13     | Got a coiled bone ring
 23538 | D:13     | Found a basalt altar of Yredelemnul.
 23632 | D:13     | Found a shimmering altar of Xom.
 23727 | D:14     | Found a gate to the Vaults.
 24022 | D:14     | Identified the ring of Foolhardiness {MR+ EV+4 Slay+6} (You took it off a vampire on level 13 of the Dungeon)
 24420 | D:14     | Found a shadowy altar of Dithmenos.
 24767 | D:15     | Entered Level 15 of the Dungeon
 24807 | D:15     | Reached XP level 16. HP: 84/149 MP: 23/23
 25282 | D:15     | Found a staircase to the Depths.
 25313 | D:15     | Reached skill level 15 in Armour
 25679 | Orc:1    | Entered Level 1 of the Orcish Mines
 26097 | Orc:1    | Found Runn's Jewellery Emporium.
 26268 | Orc:2    | Entered Level 2 of the Orcish Mines
 26357 | Orc:2    | Found Wuogi's Antique Weapon Shoppe.
 26498 | Orc:2    | Reached skill level 10 in Shields
 26516 | Orc:2    | Found a staircase to the Elven Halls.
 26576 | Orc:2    | Found Ruud's Distillery.
 26581 | Orc:2    | Found Egycuarch's Food Boutique.
 27079 | Orc:2    | Gained mutation: Scrolls take you a little longer to read. [a neqoxec]
 27226 | Orc:2    | Found Nigeijy's Antique Armour Emporium.
 27226 | Orc:2    | Found Teitum's Book Shoppe.
 27226 | Orc:2    | Found a one-way gate leading to the halls of Pandemonium.
 27230 | Orc:2    | Bought a manual of Fighting for 1435 gold pieces
 27728 | Swamp:1  | Entered Level 1 of the Swamp
 28092 | Swamp:1  | Reached XP level 17. HP: 156/156 MP: 24/24
 28724 | Swamp:2  | Noticed Donald
 28736 | Swamp:2  | HP: 7/156 [Donald/broad axe of draining (29)]
 28736 | Swamp:2  | HP: 2/156 [Donald/broad axe of draining (5)]
 28750 | Swamp:2  | Killed Donald
 29550 | Swamp:3  | Noticed epok's ghost (adept CeGl)
 29574 | Swamp:3  | Killed epok's ghost
 29574 | Swamp:3  | Reached skill level 15 in Shields
 29901 | Swamp:3  | Noticed Mara
 29905 | Swamp:3  | Noticed GordonOverkill's illusion
 29946 | Swamp:3  | Reached skill level 16 in Fighting
 29969 | Swamp:3  | Killed Mara
 29969 | Swamp:3  | Reached skill level 17 in Fighting
 30324 | Swamp:4  | Entered Level 4 of the Swamp
 30325 | Swamp:4  | Noticed Louise
 30336 | Swamp:4  | Killed Louise
 30387 | Swamp:4  | Reached skill level 18 in Fighting
 30690 | Swamp:4  | Reached skill level 19 in Fighting
 30851 | Swamp:4  | Noticed the 27-headed Lernaean hydra
 30852 | Swamp:4  | Reached XP level 18. HP: 169/176 MP: 25/25
 30880 | Swamp:4  | Killed the 24-headed Lernaean hydra
 30880 | Swamp:4  | Reached skill level 20 in Fighting
 31257 | Swamp:4  | Got a decaying rune of Zot
 31731 | Spider:1 | Entered Level 1 of the Spider Nest
 31815 | Spider:1 | Reached skill level 21 in Fighting
 32353 | Spider:2 | Noticed Jorgrun
 32370 | Spider:2 | Killed Jorgrun
 32506 | Spider:2 | Noticed Kirke
 32510 | Spider:2 | Killed Kirke
 32553 | Spider:2 | Noticed Roxanne
 32620 | Spider:2 | Killed Roxanne
 32657 | Spider:2 | Reached skill level 22 in Fighting
 32691 | Spider:2 | Identified Roxanne's Guide on Moulding (You took it off Roxanne on level 2 of the Spider Nest)
 33391 | Spider:3 | Reached skill level 10 in Dodging
 33906 | Spider:4 | Entered Level 4 of the Spider Nest
 33918 | Spider:4 | Reached XP level 19. HP: 191/191 MP: 26/26
 34712 | Spider:4 | Got a gossamer rune of Zot
 35178 | Spider:4 | Lost mutation: Scrolls take you a little longer to read. [potion of mutation]
 35178 | Spider:4 | Lost mutation: You are agile. (Dex +2) [potion of mutation]
 35178 | Spider:4 | Lost mutation: You possess an exceptional clarity of mind. [potion of mutation]
 35178 | Spider:4 | Gained mutation: Your mind is acute. (Int +2) [potion of mutation]
 35178 | Spider:4 | Gained mutation: You are clumsy. (Dex -2) [potion of mutation]
 35178 | Spider:4 | Gained mutation: You are frail. (-10% HP) [potion of mutation]
 35178 | Spider:4 | Gained mutation: Your system is resistant to poisons. (rPois) [potion of mutation]
 35179 | Spider:4 | Lost mutation: Your mind is acute. (Int +2) [potion of mutation]
 35179 | Spider:4 | Lost mutation: You are clumsy. (Dex -2) [potion of mutation]
 35179 | Spider:4 | Lost mutation: You are frail. (-10% HP) [potion of mutation]
 35179 | Spider:4 | Gained mutation: You expend magic power (3 MP) to strengthen your wands. [potion of mutation]
 35307 | Vaults:1 | Entered Level 1 of the Vaults
 36735 | Vaults:2 | Found a radiant altar of Vehumet.
 36735 | Vaults:2 | Noticed a lich
 36745 | Vaults:2 | Killed a lich
 36745 | Vaults:2 | Reached XP level 20. HP: 154/200 MP: 27/27
 37316 | Vaults:2 | Found a staircase to the Crypt.
 37316 | Vaults:2 | Found an ancient bone altar of Kikubaaqudgha.
 37317 | Vaults:2 | Found a basalt altar of Yredelemnul.
 37884 | Vaults:3 | Noticed Frederick
 37904 | Vaults:3 | Killed Frederick
 38017 | Vaults:3 | Noticed Margery
 38044 | Vaults:3 | Killed Margery
 38458 | Vaults:3 | Noticed Asterion
 38473 | Vaults:3 | Killed Asterion
 38526 | Vaults:3 | Reached XP level 21. HP: 177/207 MP: 29/29
 39791 | Vaults:4 | Reached skill level 23 in Fighting
 41048 | Depths:1 | Entered Level 1 of the Depths
 41180 | Depths:1 | Found a gateway to Hell.
 41222 | Depths:1 | Reached skill level 24 in Fighting
 41293 | Depths:1 | Found a gateway to a ziggurat.
 41307 | Depths:1 | Found a one-way gate to the infinite horrors of the Abyss.
 42012 | Depths:2 | Reached XP level 22. HP: 204/224 MP: 31/31
 42023 | Depths:2 | Paralysed by a floating eye for 4 turns
 42140 | Depths:2 | Reached skill level 25 in Fighting
 42361 | Depths:2 | Noticed Aizul
 42369 | Depths:2 | Killed Aizul
 42682 | Depths:2 | Gained mutation: You are frail. (-10% HP) [a neqoxec]
 42707 | Depths:2 | Found a runed door.
 42710 | Depths:2 | Found a runed door.
 42746 | Depths:2 | Gained mutation: Your flesh is cold resistant. (rC+) [a neqoxec]
 42765 | Depths:2 | Found a burning altar of Makhleb.
 42837 | Depths:2 | Got a twisted plate armour
 42838 | Depths:2 | Identified the +4 plate armour of Uskayaw's Whim {rF+ rN+ Str+4} (You found it on level 2 of the Depths)
 42843 | Depths:2 | Noticed a caustic shrike
 42854 | Depths:2 | Killed a caustic shrike
 43244 | Depths:3 | Reached skill level 26 in Fighting
 43279 | Depths:3 | Noticed psch's ghost (veteran DDEE)
 43312 | Depths:3 | Killed psch's ghost
 43343 | Depths:3 | Reached XP level 23. HP: 138/215 MP: 32/32
 43567 | Depths:3 | Found the +8 storm bow {elec}
 43641 | Depths:3 | Reached skill level 27 in Fighting
 45235 | Depths:4 | Noticed an ancient lich
 45273 | Depths:4 | Killed an ancient lich
 45300 | Depths:4 | Identified the Incunabulum of Shifting Lightness
 45382 | Depths:5 | Entered Level 5 of the Depths
 45590 | Depths:5 | Noticed a golden dragon
 45607 | Depths:5 | Killed a golden dragon
 45797 | Depths:5 | Found a gate to the Realm of Zot.
 45813 | Depths:5 | Noticed a golden dragon
 45833 | Depths:5 | Killed a golden dragon
 45848 | Depths:5 | Reached XP level 24. HP: 124/224 MP: 32/32
 46159 | Depths:5 | Noticed a juggernaut
 46170 | Depths:5 | Killed a juggernaut
 47532 | Vaults:5 | Entered Level 5 of the Vaults
 47540 | Vaults:5 | Noticed Bai Suzhen
 47855 | Vaults:5 | Killed Bai Suzhen
 47972 | Vaults:5 | HP: 4/224 [deep elf high priest/divine providence (11)]
 47972 | Vaults:5 | Killed from afar by a titan

Vault maps used:
D:1:      scummos_arrival_hexagon, minmay_crystal_water
D:2:      nicolae_ru_sacrificial_ziggurat
D:3:      grunt_qazlal_clouds, minmay_vboxes, uniq_ijyb
D:4:      makhleb_grotto_becter, eat_drink_and_be_merry_uskayaw, first_ration
D:5:      minmay_hollow_rounded_squares, uniq_grinder
D:7:      minmay_flawed_box, serial_shops, nicolae_shop_window_shopping,
          uniq_joseph
D:8:      wad_crossroads, lemuel_coloured_pillars_altar,
          grunt_gozag_breadcrumbs, grunt_pizzeria, nicolae_lava_and_water
D:9:      bloody_trog, serial_shops, shop, uniq_erolcha
D:10:     enter_trove_6
D:11:     minmay_the_grid_triangle_9x9_rhombus_full_mashed,
          grunt_lair_entry_orc_guard_hut
D:12:     serial_shops, nicolae_shop_crystal, basic_altar
D:13:     lemuel_vampire_tower, tgw_xom
D:14:     david_vaults_3, serial_bayou_ford_a, minmay_gold_behind_fungi,
          abandoned_shop, minmay_variable_closet, nicolae_dithmenos_the_darkroom
D:15:     gammafunk_depths_entry_grave, hangedman_abyss_or_decor_stabs
Temple:   regret_index_temple_waves
Lair:1:   lemuel_slime, grunt_megastairs_5, serial_bayou_shore_b, uniq_nergalle,
          uniq_harold, uniq_prince_ribbit2
Lair:2:   minmay_swamp_entry_reptiles, dummy_spider_entry
Lair:3:   infiniplex_staircase_pool_2, grunt_megastairs_3
Lair:4:   minmay_lair_oklob_chamber
Lair:5:   beast_lair_carwin_large_1
Lair:6:   due_jungle_book, nicolae_slime_entry_slimehenge, lab_entry_generic
Swamp:1:  nicolae_swamp_trees_clearing
Swamp:2:  evilmike_swamp_ruin_house_1, swamp_pool2, uniq_donald
Swamp:3:  nicolae_swamp_round_clearing, uniq_mara
Swamp:4:  swamp, swamp_pool3, uniq_louise
Spider:1: special_room, hangedman_spider_mandibles
Spider:2: uniq_kirke, uniq_jorgrun, uniq_roxanne
Spider:3: nicolae_spider_cling_ruins
Spider:4: floodkiller_spider_rune_tomb
Orc:1:    cheibrodos_orc_guarddog, serial_shops, nicolae_shop_crystal,
          nicolae_orc_pool_cavern, elf_legates
Orc:2:    pf_orc_diabolical, serial_shops, shop_fountains
Vaults:1: nicolae_vaults_theta, v_rooms_5, nicolae_vaults_ninety_degrees,
          vaults_room_ringed_pool, serial_ice_g, nicolae_vaults_border_crossing,
          v_alt_pattern_6, v_misc_3, vaults_room_door_ring,
          nicolae_vaults_hallways_thing, ontoclasm_vaults_hangar,
          hangedman_vaults_river_flow, vaults_room_stairs_pillars
Vaults:2: ontoclasm_vaults_fault, v_misc_30, minmay_crypt_entry_necro_gods,
          grunt_vaults_trifunnel, vaults_room_fours,
          vaults_standard_mumra_lines, hangedman_vaults_snaps,
          vaults_room_grunt_arrival_ludios, nicolae_vaults_specimen_jars,
          nicolae_vaults_angled_halls, v_misc_17, v_misc_22, vaults_dpeg_ring,
          grunt_tower_of_power
Vaults:3: hangedman_vaults_hard_town_square, vaults_room_semicircle,
          nicolae_vaults_network_star, nicolae_vaults_triangles,
          nicolae_vaults_network_quinsquares, v_misc_12,
          nicolae_vaults_network_s, vaults_mumra_lcd, ontoclasm_vaults_gateway,
          v_misc_23, vaults_mumra_minichess, uniq_margery, uniq_asterion,
          uniq_frederick
Vaults:4: nicolae_vaults_murderbox, grunt_vaults_focal, v_misc_1,
          vaults_room_grunt_arrival_checkpoint,
          nicolae_vaults_ring_of_whatevers, nicolae_vaults_twisting_passages,
          ontoclasm_vaults_ring_square, nicolae_vaults_little_squares_2,
          nicolae_vaults_stairing_the_circle,
          hangedman_vaults_stretched_pinwheel, vaults_dpeg_cross
Vaults:5: uniq_bai_suzhen, uniq_boris
Depths:1: enter_ziggurat_a, pf_hell_entry_tar_river, roderic_lattice_a,
          abyss_entry, minmay_misc_feat_square, patterned_corridor
Depths:2: evilmike_makhleb_hellhole, hell_entry, minmay_misc_feat_plants,
          minmay_misc_feat_alley, serial_bayou_shore_b, uniq_aizul
Depths:3: minmay_cut_squares, rand_demon_pan_entry_5, hell_entry, minivault_11,
          serial_bayou_shore_a, infiniplex_staircase_pillars_2
Depths:4: constructs_gauntlet_mu_hangedman, grunt_decor_mini_mirrors,
          pf_hell_entry_great_geh, minmay_room_of_horrors,
          minmay_item_behind_shaft, serial_sigils_hangedman_scar, ice2_lemuel,
          minmay_staircase_statues_hall_small
Depths:5: grunt_zot_entry_funnels, serial_co_window_serial, co_window_corner_a,
          co_window_paths_b, co_window_of_opportunity_a, co_window_paths_b,
          co_window_cross_1, co_window_corner_a, co_window_of_opportunity_c,
          co_window_corner_ca, co_window_2corner, co_window_corner_b,
          co_window_4corner_b, glass_columns_b, glass_columns_a,
          glass_columns_b, hangedman_coc_ice_floe, pan_entry
Lab:      labyrinth_spiral, nicolae_lab_do_over, nicolae_lab_very_dead_end

Skill      XL: |  1  2  3  4  5  6  7  8  9 10 11 12 13 14 15 16 17 18 19 20 21 22 23 24 |
---------------+-------------------------------------------------------------------------+-----
Fighting       | 1 2 3 4 5 9 10 12 15 19 22 24 26 27 | 27.0
Dodging        | 2 3 7 8 9 10 12 | 12.0
Armour         | 1 2 3 5 7 10 11 12 14 15 17 20 22 24 | 24.0
Maces & Flails | 1 |  1.6
Invocations    | 2 3 7 8 10 11 12 | 12.0
Axes           | 1 2 3 6 10 14 15 17 18 | 18.9
Shields        | 6 13 15 17 | 17.1
Long Blades    | 2 |  2.1
Evocations     | 4 |  4.0
Stealth        | |  1.5
Spellcasting   | |  1.5
Summonings     | |  4.0

Action                   |  1- 3 |  4- 6 |  7- 9 | 10-12 | 13-15 | 16-18 | 19-21 | 22-24 || total
-------------------------+-------+-------+-------+-------+-------+-------+-------+-------++-------
Melee: Club              |    32 |       |       |       |       |       |       |       ||    32
       Whip              |    88 |   229 |   276 |       |       |       |       |       ||   593
       War axe           |       |       |   184 |   794 |  1136 |   337 |       |       ||  2451
       Scimitar          |       |       |       |     3 |    46 |    54 |       |       ||   103
       Broad axe         |       |       |       |       |       |  1031 |  1267 |  1072 ||  3370
 Cast: Summon Small Mamm |    16 |       |       |       |       |       |       |       ||    16
Invok: Upheaval          |       |       |     2 |     4 |     6 |     5 |     3 |       ||    20
       Disaster Area     |       |       |       |     2 |       |     1 |     1 |     2 ||     6
       Elemental Force   |       |       |       |       |     2 |     4 |     5 |     4 ||    15
 Abil: Evoke Flight      |       |       |       |       |       |       |       |     3 ||     3
Evoke: Wand              |       |       |    20 |       |    18 |     1 |     6 |       ||    45
  Use: Scroll            |       |    12 |     1 |    12 |    10 |    11 |     6 |    18 ||    70
       Potion            |       |     1 |     9 |     1 |     1 |     9 |     8 |    18 ||    47
 Stab: Distracted        |       |       |       |       |     1 |       |     1 |     2 ||     4
       Confused          |       |       |       |       |       |     2 |       |       ||     2
  Eat: Chunk             |     5 |     7 |     6 |    20 |    22 |    14 |    22 |    13 ||   109
       Ration            |       |       |     3 |     1 |     3 |     4 |     1 |     4 ||    16
Armor: Robe              |     7 |       |       |       |       |       |       |       ||     7
       Leather armour    |     3 |       |       |       |       |       |       |       ||     3
       Scale mail        |    61 |   100 |   187 |       |       |       |       |       ||   348
       Chain mail        |       |       |     8 |   376 |    97 |       |       |       ||   481
       Plate armour      |       |       |       |       |   545 |   511 |   267 |   362 ||  1685
       Skin              |       |       |       |       |       |       |       |     5 ||     5
Dodge: Dodged            |    63 |    93 |   165 |   163 |   312 |   516 |   337 |   359 ||  2008
       Deflected         |       |       |       |       |    10 |    18 |    27 |    34 ||    89
Block: Other             |       |     1 |    22 |    29 |       |       |       |       ||    52
       Buckler           |       |       |       |   211 |   585 |       |       |       ||   796
       Shield            |       |       |       |       |    75 |  1447 |  1177 |   877 ||  3576
       Large shield      |       |       |       |       |       |       |       |   242 ||   242
       Rpst.: Scimitar   |       |       |       |       |     2 |     5 |       |       ||     7

Table legend:
 A = Spawn XP
 B = Non-spawn XP
 C = Spawn XP percentage of total XP
 D = Spawn monster count
 E = Non-spawn monster count
 F = Spawn count percentage of total count
 G = Total turns spent on level
                    A         B        C        D         E        F      G
               +---------+---------+-------+---------+---------+-------+---------
         Total |       0 |  945096 |   0.0 |       0 |    1934 |   0.0 | 47972
               +---------+---------+-------+---------+---------+-------+---------
           D:1 |       0 |      16 |   0.0 |       0 |      11 |   0.0 |  1289
           D:2 |       0 |      35 |   0.0 |       0 |      13 |   0.0 |  1026
           D:3 |       0 |     104 |   0.0 |       0 |      23 |   0.0 |   777
           D:4 |       0 |     558 |   0.0 |       0 |      27 |   0.0 |  2543
           D:5 |       0 |    1560 |   0.0 |       0 |      29 |   0.0 |  1497
           D:6 |       0 |     840 |   0.0 |       0 |      16 |   0.0 |  1243
           D:7 |       0 |    2099 |   0.0 |       0 |      36 |   0.0 |  1244
           D:8 |       0 |    1912 |   0.0 |       0 |      39 |   0.0 |  1202
           D:9 |       0 |    3397 |   0.0 |       0 |      40 |   0.0 |   651
          D:10 |       0 |    3152 |   0.0 |       0 |      30 |   0.0 |   908
          D:11 |       0 |   10544 |   0.0 |       0 |      65 |   0.0 |  1165
          D:12 |       0 |    6448 |   0.0 |       0 |      31 |   0.0 |  1169
          D:13 |       0 |   12735 |   0.0 |       0 |      62 |   0.0 |  1005
          D:14 |       0 |   15949 |   0.0 |       0 |      43 |   0.0 |  1028
          D:15 |       0 |   20920 |   0.0 |       0 |      36 |   0.0 |   822
        Lair:1 |       0 |    6639 |   0.0 |       0 |      44 |   0.0 |  1063
        Lair:2 |       0 |    4929 |   0.0 |       0 |      21 |   0.0 |  1000
        Lair:3 |       0 |   10579 |   0.0 |       0 |      49 |   0.0 |   815
        Lair:4 |       0 |   10317 |   0.0 |       0 |      21 |   0.0 |  1772
        Lair:5 |       0 |   14955 |   0.0 |       0 |      34 |   0.0 |   981
        Lair:6 |       0 |   18036 |   0.0 |       0 |      42 |   0.0 |  2038
       Swamp:1 |       0 |   11852 |   0.0 |       0 |      25 |   0.0 |   804
       Swamp:2 |       0 |   19124 |   0.0 |       0 |      42 |   0.0 |  1004
       Swamp:3 |       0 |   27339 |   0.0 |       0 |      42 |   0.0 |  1114
       Swamp:4 |       0 |   24916 |   0.0 |       0 |      44 |   0.0 |  1036
      Spider:1 |       0 |   16202 |   0.0 |       0 |      70 |   0.0 |   639
      Spider:2 |       0 |   27401 |   0.0 |       0 |      63 |   0.0 |   974
      Spider:3 |       0 |   18278 |   0.0 |       0 |      42 |   0.0 |   603
      Spider:4 |       0 |   39636 |   0.0 |       0 |      93 |   0.0 |  1288
         Orc:1 |       0 |    6084 |   0.0 |       0 |      19 |   0.0 |   597
         Orc:2 |       0 |   19920 |   0.0 |       0 |      89 |   0.0 |  1357
      Vaults:1 |       0 |   38088 |   0.0 |       0 |      79 |   0.0 |  1310
      Vaults:2 |       0 |   48244 |   0.0 |       0 |      62 |   0.0 |  1329
      Vaults:3 |       0 |   71758 |   0.0 |       0 |      83 |   0.0 |  1645
      Vaults:4 |       0 |   67137 |   0.0 |       0 |      93 |   0.0 |  1658
      Vaults:5 |       0 |   75484 |   0.0 |       0 |      64 |   0.0 |   354
      Depths:1 |       0 |   21236 |   0.0 |       0 |      27 |   0.0 |  1110
      Depths:2 |       0 |   66662 |   0.0 |       0 |      79 |   0.0 |  1380
      Depths:3 |       0 |   62121 |   0.0 |       0 |      59 |   0.0 |   918
      Depths:4 |       0 |   59180 |   0.0 |       0 |      80 |   0.0 |  1273
      Depths:5 |       0 |   77425 |   0.0 |       0 |      66 |   0.0 |  1453
           Lab |       0 |    1285 |   0.0 |       0 |       1 |   0.0 |   449
               +---------+---------+-------+---------+---------+-------+---------
